 Dungeon Crawl Stone Soup version 0.32-a0-360-gcd93b57ba1 (webtiles) character file.

Game seed: 11382159863413651879

109 Goblin1989 the Cudgeller (level 4, -1/33 HPs)
             Began as a Coglin Gladiator on Feb 18, 2024.
             Incinerated by a bombardier beetle (4 damage)
             ... with a burning spray
             ... on level 3 of the Dungeon.
             The game lasted 00:03:12 (1700 turns).

Goblin1989 the Cudgeller (Coglin Gladiator)         Turns: 1700, Time: 00:03:13

Health: -1/33      AC:  9    Str: 16    XL:     4   Next: 90%
Magic:  4/4        EV:  8    Int:  8    God:
Gold:   132        SH:  0    Dex: 15    Spells: 3/3 levels left

rFire   . . .        a - +0 flail {Vikramjeet}
rCold   . . .        l - +0 whip {Nkonkoni}
rNeg    . . .        m - +0 chain mail
rPois   .            c - +0 helmet
rElec   .            (no cloak)
rCorr   .            (no gloves)
SInv    .            (no boots)
Will    +....        (no amulet) Stlth
                     (no ring)
HPRegen 0.25/turn    (no ring)
MPRegen 0.09/turn

%: no passive effects
@: on fire, enlightened, flying, glowing, revved, stiff-legged, very slow
A: off-hand wielding, slow wielding, warmup strikes, warmup strides
a: no special abilities


You were on level 3 of the Dungeon.
You visited 1 branch of the dungeon, and saw 3 of its levels.

You collected 132 gold pieces.

Inventory:

Hand Weapons
 a - a +0 flail (weapon) {Vikramjeet}
 l - a +0 whip (worn) {Nkonkoni}
Missiles
 d - 3 throwing nets (quivered) {!d , @Q1}
 e - a javelin
Armour
 c - a +0 helmet (worn)
 m - a +0 chain mail (worn)
Jewellery
 f - a ring of willpower
 p - an amulet of faith {!P}
 q - a +6 ring of strength
Scrolls
 h - a scroll of acquirement {unknown}
 j - 5 scrolls of identify {unknown}
 k - a scroll of amnesia {unknown}
 n - 2 scrolls of teleportation {unknown}
 o - 3 scrolls of revelation {unknown}
Potions
 g - a potion of enlightenment
 i - 3 potions of attraction {unknown}
 r - a potion of curing {unknown}
 s - 2 potions of cancellation {unknown}
 t - 2 potions of brilliance {unknown}


   Skills:
 - Level 2.0 Fighting
 + Level 4.9 Maces & Flails
 - Level 1.7 Throwing
 - Level 2.6 Dodging


You had 3 spell levels left.
You didn't know any spells.
Your spell library contained the following spells:

 Spells                   Type           Power      Damage    Failure   Level
 Inner Flame              Hex/Fire       0%         N/A       100%        3
 Irradiate                Conj/Alch      0%         3d11      100%        5
 Ignition                 Fire           0%         3d3       100%        8


Dungeon Overview and Level Annotations

Branches:
Dungeon (3/15) Zot: 16210

Altars:


Innate Abilities, Weirdness & Mutations

You can wield a second weapon in your off-hand.
It takes a long time for you to wield or remove held weapons.
Your first few attacks do less damage.
Your first movements take longer.


Message History

You closely miss the goblin with your +0 whip.
The goblin hits you but does no damage.
You barely miss the goblin with your +0 flail.
The goblin is moderately wounded.
You closely miss the goblin with your +0 whip.
The goblin barely misses you.
You take 2 damage, and have 31/33 hp.
You whack the goblin with your +0 whip!
You kill the goblin!
No target in view!
No target in view!
No target in view!
No target in view!
No target in view!
No target in view!
No target in view!
No target in view!
No target in view!
No target in view!
No target in view!
No target in view!
No target in view!
No target in view!
Found a stone staircase leading down.
Health restored: 33 A malevolent force fills the Dungeon... and a teleportation trap spontaneously manifests!
You are yanked towards some nearby monsters!
Your surroundings suddenly seem different.
A rat and a bombardier beetle come into view.
Found a scroll labelled RUWIXT BUEMA.
There are monsters nearby!
The bombardier beetle sprays incendiary fluid at you.
The burning spray hits you.
You are covered in liquid fire!
You hit the bombardier beetle but do no damage.
You barely miss the bombardier beetle with your +0 flail.
The liquid fire burns you!
You hit the bombardier beetle but do no damage.
You hit the bombardier beetle with your +0 flail.
The liquid fire burns you! The rat barely misses you.
The bombardier beetle bites you.
You hit the bombardier beetle with your +0 flail.
The bombardier beetle is heavily wounded.
You hit the bombardier beetle but do no damage.
The liquid fire burns you! The rat bites you but does no damage.
The bombardier beetle bites you but does no damage.
You hit the bombardier beetle but do no damage.
The bombardier beetle is heavily wounded.
You hit the bombardier beetle with your +0 whip.
The liquid fire burns you! The rat bites you but does no damage.
You take 16 damage, and have 17/33 hp.
MASSIVE DAMAGE!!
You are too injured to fight recklessly!
You are too injured to fight recklessly!
You are too injured to fight recklessly!
You are too injured to fight recklessly!
You are too injured to fight recklessly!
You are too injured to fight recklessly!
You are too injured to fight recklessly!
You are too injured to fight recklessly!
You are too injured to fight recklessly!
You are too injured to fight recklessly!
You are too injured to fight recklessly!
You are too injured to fight recklessly!
You are too injured to fight recklessly!
You are too injured to fight recklessly!
You are too injured to fight recklessly!
You are too injured to fight recklessly!
You are too injured to fight recklessly!
You are too injured to fight recklessly!
You are too injured to fight recklessly!
You are too injured to fight recklessly!
You are too injured to fight recklessly!
You are too injured to fight recklessly!
You are too injured to fight recklessly!
You are too injured to fight recklessly!
You are too injured to fight recklessly!
You are too injured to fight recklessly!
You are too injured to fight recklessly!
You barely miss the bombardier beetle with your +0 whip.
The bombardier beetle is severely wounded.
You completely miss the bombardier beetle with your +0 flail.
The liquid fire burns you!
* * * LOW HITPOINT WARNING * * *
The rat bites you but does no damage. The bombardier beetle bites you.
* * * LOW HITPOINT WARNING * * *
You take 9 damage, and have 8/33 hp.
MASSIVE DAMAGE!!
You hit the bombardier beetle but do no damage.
The bombardier beetle is severely wounded.
You closely miss the bombardier beetle with your +0 whip.
The liquid fire burns you!
* * * LOW HITPOINT WARNING * * *
The rat completely misses you.
You take 5 damage, and have 3/33 hp.
It was a potion of enlightenment.
You feel very buoyant.
You fly up into the air.
The liquid fire burns you!
You die... ██ █████

.. █ █...█ .███ █..
█...█ ..█ ██.... ██...█
█ █.██......
██...████.█████.........
................@B......
..........██████r.......
.█....██..█ ██.......
█.........█ █......
..██..██.██ ......
.███......█ ......
████.███..██ █....
██...█ █...██ ██?.
...█████.█..█


You could see a bombardier beetle and a rat.

Vanquished Creatures
  3 gnolls (D:2)
  3 adders (D:2)
  A dart slug (D:2)
  3 ball pythons
  4 endoplasms
  4 goblins
  3 hobgoblins
  2 jackals (D:1)
  2 bats (D:2)
  2 frilled lizards
  2 kobolds
  A rat (D:3)
  A spectral goblin (D:1)
31 creatures vanquished.

Notes
Turn   | Place    | Note
-------+----------+-------------------------------------------
     0 | D:1      | Goblin1989 the Coglin Gladiator began the quest for the
                  | Orb.
     0 | D:1      | Reached XP level 1. HP: 16/16 MP: 1/1
    47 | D:1      | You fall into a shaft and drop 1 floor!
    83 | D:2      | Reached skill level 3 in Maces & Flails
    89 | D:2      | Reached XP level 2. HP: 15/22 MP: 2/2
   240 | D:1      | Reached XP level 3. HP: 27/27 MP: 3/3
   432 | D:1      | Found a faded altar of an unknown god.
  1077 | D:2      | Reached skill level 4 in Maces & Flails
  1258 | D:2      | Reached XP level 4. HP: 11/33 MP: 4/4
  1700 | D:3      | Incinerated by a bombardier beetle

Illustrated notes

Levels and vault maps discovered:
D:1:      giann_bridges, layout_basic, dreamdust_ecumenical_altar_drowned_temple
D:2:      layout_basic
D:3:      layout_rooms, nicolae_vehumet_altar_sigil, mainiacjoe_overflow_paths,
          serial_shops, nicolae_shop_just_a_little_nook

Skill      XL: |  1  2  3 |
---------------+----------+-----
Maces & Flails | 3 4 |  4.9
Fighting       | |  2.0
Throwing       | |  1.7
Dodging        | |  2.6

Action                     |  1- 3 |  4- 6 || total
---------------------------+-------+-------++-------
  Melee: Flail             |    44 |    33 ||    77
         Whip              |    13 |    31 ||    44
    Use: Potion            |       |     1 ||     1
 Armour: Leather armour    |    19 |       ||    19
         Chain mail        |    13 |    29 ||    42
  Dodge: Dodged            |    26 |    12 ||    38

Table legend: (Time is in decaauts)
 A = Elapsed time spent in this place.
 B = Non-inter-level travel time spent in this place.
 C = Inter-level travel time spent in this place.
 D = Time resting spent in this place.
 E = Time spent auto-exploring this place.
 F = Levels seen in this place.
 G = Mean time per level.
                   A        B        C        D        E       F      G
               +--------+--------+--------+--------+--------+-----+--------+
         Total |   1789 |   1755 |     34 |      0 |   1492 |   3 |  596.3 |
       Dungeon |   1789 |   1755 |     34 |      0 |   1492 |   3 |  596.3 |
               +--------+--------+--------+--------+--------+-----+--------+

Top non-repeatable levels by time:
     D:2: 855 daAuts
     D:1: 793 daAuts
     D:3: 140 daAuts
